Map: Newkirk Precinct TE (Void)

Players

Musumeci

  • Race: Zerg Zerg
  • League: Diamond
  • Spawn Location: 5:00

Thenanox - Winner!

  • Race: Zerg Zerg
  • League: Diamond
  • Spawn Location: 7:00

VOD

Have the link to the VOD?

Description

Time

  • Played on: Jan. 10, 2017, 2:35 p.m.
  • Length: 12:26
Show
View Real Time Build Order
Export as new Build Order

Musumeci Zerg 

Build Orders: Hatch First 

Get SALT Encoding   

  12  0:01  Drone  
  13  0:09  Drone  
  14  0:17  Drone, Extractor  
  15  0:40  Hatchery  
  14  0:45  Drone, Extractor  
  14  0:49  Extractor  
  13  0:55  Overlord  
  15  1:11  Spawning Pool  
  14  1:20  Evolution Chamber  
  14  1:23  Drone  
  14  1:24  Extractor  
  14  1:25  Drone  
  14  1:30  Drone  
  15  1:35  Drone  
  17  1:58  Queen x2  
  17  1:59  Drone  
  22  2:01  Drone  
  22  2:07  Zergling x2  
  24  2:11  Drone  
  24  2:14  Drone  
  26  2:21  Overlord  
  26  2:30  Metabolic Boost  
  26  2:48  Zergling x10  
  26  2:49  Zergling x2  
  32  2:55  Baneling Nest  
  30  3:28  Zergling x10  
  35  3:45  Overlord  
  35  4:00  Hatchery  
  34  4:07  Drone x4  
  34  4:08  Drone  
  39  4:12  Zergling x8  
  37  4:26  Zergling x8  
  41  4:32  Baneling, Evolution Chamber  
  41  4:33  Baneling  
  40  4:38  Drone  
  40  4:39  Drone x2  
  43  5:12  Zergling x4  
  43  5:13  Zergling x12  
  50  5:21  Baneling x3  
  50  5:22  Baneling  
  50  5:38  Baneling x2  
  50  5:46  Zerg Ground Armor Level 1  
  50  5:47  Overlord  
  50  5:48  Overlord x2  
  50  5:54  Baneling  
  50  5:55  Baneling  
  50  6:05  Queen  
  50  6:11  Baneling x2  
  51  6:24  Baneling x2  
  51  6:25  Baneling  
  49  6:28  Baneling  
  49  6:29  Baneling  
  49  6:36  Drone  
  49  6:39  Extractor  
  49  6:41  Drone x3  
  49  6:42  Drone x14  
  49  6:44  Extractor  
  49  6:45  Extractor  
  57  7:19  Zergling x28  
  67  7:29  Lair  
  66  7:31  Zergling x4  
  66  7:32  Zergling x6  
  67  7:55  Zergling x2  
  67  7:56  Zergling x12  
  74  8:02  Spine Crawler x2  
  74  8:03  Spine Crawler x3, Extractor  
  74  8:05  Extractor  
  67  8:06  Drone  
  67  8:12  Unknown  
  68  8:30  Spire  
  52  8:56  Drone x3  
  52  8:57  Drone x4  
  48  9:26  Overlord x3  
  48  9:41  Mutalisk x5  
  48  9:44  Mutalisk x9  
  76  9:50  Evolution Chamber  
  76  9:52  Evolution Chamber  
  74  9:56  Evolution Chamber  
  73  10:05  Mutalisk  
  73  10:09  Overlord x4  
  32  11:02  Drone x3  
  35  11:23  Unknown x3  
  35  11:26  Extractor  
  34  11:43  Extractor  
  33  11:50  Extractor  
Show
View Real Time Build Order
Export as new Build Order

Thenanox Zerg - Winner!

Build Orders: Hatch First 

Get SALT Encoding   

  12  0:00  Drone  
  13  0:13  Overlord  
  13  0:19  Drone  
  14  0:31  Drone x2  
  14  0:35  Drone  
  17  0:53  Hatchery  
  17  0:55  Drone  
  17  0:59  Drone  
  18  1:10  Extractor  
  17  1:15  Spawning Pool  
  16  1:19  Drone  
  16  1:24  Extractor  
  17  1:34  Drone  
  17  1:35  Drone  
  19  1:41  Overlord  
  19  2:02  Queen  
  19  2:03  Zergling x4  
  19  2:04  Queen  
  19  2:05  Drone  
  26  2:18  Drone x2  
  28  2:24  Metabolic Boost  
  28  2:28  Drone x2  
  30  2:32  Drone  
  31  2:38  Drone  
  31  2:41  Queen  
  34  2:52  Drone x2  
  34  2:54  Baneling Nest  
  35  3:04  Overlord  
  35  3:05  Overlord  
  35  3:06  Drone  
  35  3:30  Hatchery, Zergling x10  
  39  3:35  Zergling x2  
  39  3:36  Zergling x2  
  40  3:45  Zergling x4  
  42  3:50  Baneling x3  
  42  3:51  Baneling  
  42  3:52  Zergling x4  
  44  3:58  Drone x5  
  49  4:03  Drone x2  
  51  4:26  Zergling x2  
  51  4:28  Overlord x3  
  52  4:32  Extractor x2  
  50  4:45  Queen, Drone x6  
  58  4:54  Lair  
  58  4:56  Drone x2  
  58  4:57  Evolution Chamber  
  58  4:58  Drone  
  60  5:14  Zergling x14  
  63  5:19  Drone  
  63  5:21  Queen  
  67  5:22  Roach Warren  
  67  5:36  Drone x2  
  67  5:39  Zerg Missile Weapons Level 1  
  69  5:45  Drone x5  
  74  5:51  Overseer  
  74  5:56  Drone x3  
  77  6:11  Baneling x5  
  69  6:26  Zergling x8  
  69  6:27  Zergling x4  
  69  6:28  Drone x4  
  69  6:32  Glial Reconstitution  
  79  6:38  Roach, Overlord  
  81  6:40  Pneumatized Carapace  
  81  6:46  Overlord x3  
  75  7:15  Roach x14  
  88  7:22  Roach x5  
  98  7:23  Roach x2  
  98  7:27  Roach  
  97  7:34  Zerg Ground Armor Level 1  
  96  7:42  Drone x5  
  96  7:43  Drone x2  
  103  7:49  Overseer  
  103  7:55  Drone x3  
  103  7:56  Overlord x2  
  103  7:57  Overlord x3  
  106  8:07  Extractor  
  105  8:14  Queen  
  105  8:15  Roach  
  105  8:16  Roach x6  
  121  8:21  Ravager x4  
  124  8:30  Roach x3  
  128  8:58  Roach  
  128  8:59  Roach x8  
  137  9:18  Roach x4  
  145  9:25  Overlord x4  
  145  9:26  Overlord  
  145  9:38  Overlord x4  
  145  9:41  Zergling x2  
  144  10:02  Roach  
  144  10:03  Roach x13  
  153  10:29  Roach x8  
  153  10:31  Spore Crawler  
  153  10:32  Spore Crawler  
  153  10:33  Spore Crawler x3  
  153  10:34  Roach, Spore Crawler  
  153  10:35  Roach x2  
  161  10:40  Hatchery  
  127  11:13  Hydralisk Den  
  119  11:29  Roach  
  119  11:30  Roach x8  
  129  11:39  Spore Crawler  
  128  11:43  Spore Crawler  
Tags
 
Add a new tag
Caveats
  • Supply blocks, unpowered buildings, or Contaminate may cause inaccurate times.
  • Supply counts are checked every 10 seconds.